 Dungeon Crawl Stone Soup version 0.23-a0-183-gf37f6fb (webtiles) character file.

11491 galech the Cleaver (level 11, -5/86 HPs)
             Began as a Demonspawn Fighter on Sept 21, 2018.
             Was a High Priest of Okawaru.
             Killed from afar by a ynoxinul (11 damage)
             ... with an iron shot
             ... on level 2 of the Abyss.
             The game lasted 00:17:10 (10569 turns).

galech the Cleaver (Demonspawn Fighter)            Turns: 10569, Time: 00:17:11

Health: -5/86      AC: 18    Str: 29    XL:     11   Next: 50%
Magic:  0/12       EV: 11    Int: 10    God:    Okawaru [*****.]
Gold:   401        SH: 12    Dex: 16    Spells: 10/10 levels left

rFire    + . .     SeeInvis .   S - +1 hand axe of the Viper {chop, -Tele Str+7 Stlth+}
rCold    + + .     Gourm    .   c - +0 shield
rNeg     . . .     Faith    .   P - +5 chain mail of Zezan {rElec rCorr Stlth+}
rPois    +         Spirit   +   R - -1 helmet of Jujiful {Str+6}
rElec    +         Reflect  .   M - scarf {rC+ rF+}
rCorr    +         Harm     .   v - +0 pair of gloves
MR       .....     NoTele   +   p - +0 pair of boots
Stlth    +.........             (no amulet)
HPRegen  0.00/turn              h - ring of protection from cold
MPRegen  0.13/turn              z - ring of poison resistance

@: non-regenerating, badly diseased
A: talons 1, spiny 1, magic shield, sturdy frame 2
a: Heroism, Finesse, Renounce Religion


You were on level 2 of the Abyss.
You worshipped Okawaru.
Okawaru was extremely pleased with you.
You were not hungry.

You visited 1 branch of the dungeon, and saw 10 of its levels.
You visited the Abyss 1 time.

You collected 583 gold pieces.
You spent 182 gold pieces at shops.

Inventory:

Hand Weapons
 a - a +0 war axe
 O - a +1 hand axe of chopping
 S - the +1 hand axe of the Viper (weapon) {chop, -Tele Str+7 Stlth+}
   (Okawaru gifted it to you on level 2 of the Abyss)

   It inflicts extra damage upon your enemies.
   It affects your strength (+7).
   It prevents most forms of teleportation.
   It makes you more stealthy.
Armour
 c - a +0 shield (worn)
 p - a +0 pair of boots (worn)
 v - a +0 pair of gloves (worn)
 K - a +2 chain mail of poison resistance
 M - a scarf of resistance (worn)
 P - the +5 chain mail of Zezan (worn) {rElec rCorr Stlth+}
   (You took it off an orc warrior on level 5 of the Dungeon)

   It insulates you from electricity.
   It provides partial protection from all sources of acid and corrosion.
   It makes you more stealthy.
 R - the -1 helmet of Jujiful (worn) {Str+6}
   (You found it on level 6 of the Dungeon)

   It affects your strength (+6).
Jewellery
 h - a ring of protection from cold (left hand)
 n - an uncursed ring of protection from fire
 o - a +4 ring of intelligence
 z - a ring of poison resistance (right hand)
 L - a cursed -2 ring of intelligence
Wands
 b - a wand of paralysis (12)
 F - a wand of flame (32)
 H - a wand of acid (8)
 I - a wand of polymorph (18)
Scrolls
 e - 3 scrolls of blinking
 g - a scroll of amnesia
 k - 3 scrolls of fog
 l - 7 scrolls of remove curse
 m - 3 scrolls of enchant armour {unknown}
 q - a scroll of noise {unknown}
 w - 7 scrolls of teleportation
 x - 6 scrolls of fear
 y - a scroll of random uselessness {unknown}
 B - 3 scrolls of immolation {unknown}
 J - 2 scrolls of magic mapping {unknown}
 Q - a scroll of enchant weapon {unknown}
 T - a scroll of identify
Potions
 d - 3 potions of might
 i - a potion of ambrosia {unknown}
 j - a potion of lignification
 r - a potion of mutation {unknown}
 s - a potion of flight {unknown}
 t - 2 potions of curing {unknown}
 u - a potion of berserk rage {unknown}
 A - 2 potions of heal wounds
 C - 2 potions of degeneration
 D - a potion of agility
 E - a potion of cancellation {unknown}
 G - a potion of haste {unknown}
 N - a potion of brilliance {unknown}
Comestibles
 f - 15 rations


   Skills:
 + Level 8.0 Fighting
 + Level 11.1 Axes
 + Level 7.1 Armour
 + Level 3.7 Dodging
 + Level 1.1 Stealth
 + Level 8.0 Shields
 + Level 2.0 Invocations


You had 10 spell levels left.
You didn't know any spells.
Your spell library contained the following spells:

 Spells                   Type           Power        Failure   Level  Hunger
 Magic Dart               Conj           #...         91%         1    ##.....
 Shock                    Conj/Air       #...         91%         1    ##.....
 Sting                    Conj/Pois      #...         91%         1    ##.....
 Blink                    Tloc           N/A          97%         2    ###....
 Call Imp                 Summ           #.......     97%         2    ###....
 Poisonous Vapours        Pois/Air       #.....       97%         2    ###....
 Slow                     Hex            #.......     97%         2    ###....
 Swiftness                Chrm/Air       #.......     97%         2    ###....
 Conjure Flame            Conj/Fire      #.......     99%         3    ####...
 Mephitic Cloud           Conj/Pois/Air  #.......     99%         3    ####...
 Static Discharge         Conj/Air       #.......     99%         3    ####...
 Airstrike                Air            #.........   100%        4    #####..
 Olgreb's Toxic Radiance  Pois           #.......     100%        4    #####..
 Lightning Bolt           Conj/Air       #.........   100%        5    ######.
 Venom Bolt               Conj/Pois      #.........   100%        5    ######.


Dungeon Overview and Level Annotations

Branches:
Dungeon (10/15)            Temple (0/1) D:7             Orc (0/2) D:9
   Lair: D:8-11

Altars:
Dithmenos
Elyvilon
Okawaru
Ru
Vehumet
Xom
Beogh

Shops:
D:7 :   D:9 (   D:10 [

Annotations:
D:8 3 runed doors
D:10 2 transporters, Sonja; derval's ghost, novice DsNe


Innate Abilities, Weirdness & Mutations

You have sharp toenails.
You are partially covered in sharp spines.
When hurt, damage is shared between your health and your magic reserves.
Your movements are less encumbered by armour. (ER -4)


Message History

You block the apocalypse crab's attack.
The raiju bursts into living lightning!
The living lightning hits you! You resist.
* * * LOW HITPOINT WARNING * * *
The raiju blinks!
You feel ill. The apocalypse crab bites you.
* * * LOW HITPOINT WARNING * * *
You block the apocalypse crab's attack.
You feel ill. You block the raiju's attack.
The raiju bursts into living lightning!
The living lightning hits you! You resist.
* * * LOW HITPOINT WARNING * * *
The raiju blinks!
The ynoxinul gestures.
The ufetubus is struck by your spines.
You kill the ufetubus!
The ynoxinul gestures at you. The iron shot hits you!
You die...

. .........h... .....
##.. #%.....##... ..#
#.#.###....hh##∩.....#.
...#...$──xl..........
#.....Xx.>...........
.#...│t5/h...........
..#..ww─....... .....
#....3.............
#.@..5............#
.#..##......##......#.
# . # # #.#
#h.....##......# ..
..##................. #
#.#. #................
# ## # .#...###...### .
##..##.## #.## .# ..
#.. ... ..# . .. . . ..
# ...#


You could see a tentacled starspawn, an ancient zyme, an apocalypse crab, 4
raiju, a basilisk, a ynoxinul, a small abomination, 2 starspawn tentacles and 2
ufetubi.

Vanquished Creatures
  2 two-headed ogres
  A large abomination (Abyss:2)
  An unseen horror (D:10)
  Pikel (D:6)
  A manticore (D:8)
  The ghost of Mgcat the Tainter, a novice DEVM of Vehumet (D:5)
  Psyche (D:8)
  A kobold demonologist (D:9)
  2 trolls
  A raiju (Abyss:2)
  A hippogriff (D:9)
  A fire bat (Abyss:2)
  6 yaks (D:9)
  2 hungry ghosts
  A water moccasin (D:6)
  4 orc warriors
  2 ice beasts
  2 sky beasts
  9 ogres
  5 centaurs
  14 big kobolds
  3 bullfrogs
  2 gnoll sergeants (D:9)
  A water moccasin zombie (D:8)
  3 scorpions
  A wyvern skeleton (D:10)
  5 killer bees (D:10)
  11 wights
  A howler monkey (D:10)
  3 crimson imps
  2 jellies
  A bullfrog zombie (D:6)
  A bullfrog skeleton (D:8)
  3 hounds
  4 orc priests
  Jessica (D:3)
  5 orc wizards
  7 worker ants
  A killer bee zombie (D:5)
  A small abomination (Abyss:2)
  A hound skeleton (D:2)
  A worker ant zombie (D:10)
  2 gnolls (D:9)
  A howler monkey zombie (D:6)
  12 adders
  4 shadow imps
  2 adder skeletons (D:4)
  5 worms
  2 dart slugs
  10 leopard geckos
  30 orcs
  7 giant cockroaches
  6 goblins
  4 hobgoblins
  4 jackals (D:7)
  4 quokkas
  3 ball pythons
  5 bats
  A frilled lizard (D:2)
  2 jackal skeletons
  26 kobolds
  8 rats
255 creatures vanquished.

Vanquished Creatures (others)
  A worker ant (D:6)
1 creature vanquished.

Grand Total: 256 creatures vanquished

Notes
Turn   | Place    | Note
-------+----------+-------------------------------------------
     0 | D:1      | galech the Demonspawn Fighter began the quest for the Orb.
     0 | D:1      | Reached XP level 1. HP: 18/18 MP: 1/1
   216 | D:1      | Gained mutation: Your movements are slightly less
                  | encumbered by armour. (ER -2) [demonic ancestry]
   216 | D:1      | Reached XP level 2. HP: 18/24 MP: 2/2
   359 | D:1      | Reached skill level 2 in Axes
   673 | D:2      | Reached XP level 3. HP: 29/29 MP: 3/3
  1102 | D:2      | Found a white marble altar of Elyvilon.
  1102 | D:2      | You fall through a shaft for 2 floors!
  1244 | D:4      | Gained mutation: You are partially covered in sharp spines.
                  | [demonic ancestry]
  1244 | D:4      | Reached XP level 4. HP: 31/35 MP: 4/4
  1357 | D:2      | Reached skill level 1 in Dodging
  1461 | D:2      | Reached skill level 3 in Axes
  1461 | D:2      | Reached XP level 5. HP: 37/41 MP: 5/5
  1576 | D:2      | Found a radiant altar of Vehumet.
  2195 | D:3      | Found an iron altar of Okawaru.
  2203 | D:3      | Became a worshipper of Warmaster Okawaru
  2224 | D:3      | Noticed Jessica
  2230 | D:3      | Killed Jessica
  2354 | D:3      | You fall through a shaft for 3 floors!
  2358 | D:5      | Entered Level 5 of the Dungeon
  2403 | D:4      | Noticed an ogre
  2677 | D:5      | Reached XP level 6. HP: 33/48 MP: 6/6
  2820 | D:5      | Found a shimmering altar of Xom.
  2830 | D:5      | Found a sacrificial altar of Ru.
  3084 | D:5      | Noticed an ice beast
  3094 | D:5      | Killed an ice beast
  3101 | D:4      | Reached skill level 4 in Axes
  3175 | D:4      | Reached * piety under Okawaru
  3175 | D:4      | Gained mutation: When hurt, damage is shared between your
                  | health and your magic reserves. [demonic ancestry]
  3175 | D:4      | Reached XP level 7. HP: 8/53 MP: 7/7
  4597 | D:6      | Found a runed gate.
  4597 | D:6      | Noticed Mgcat's ghost (novice DEVM)
  4604 | D:6      | Reached skill level 5 in Axes
  4611 | D:6      | Found a runed gate.
  4612 | D:6      | Found a runed gate.
  4937 | D:6      | Noticed Pikel
  4948 | D:6      | Reached ** piety under Okawaru
  4948 | D:6      | Reached XP level 8. HP: 38/61 MP: 6/8
  4963 | D:6      | Killed Pikel
  4963 | D:6      | Reached skill level 5 in Fighting
  4963 | D:6      | Reached skill level 6 in Axes
  4963 | D:6      | Reached skill level 5 in Shields
  5554 | D:6      | Found a roughly hewn altar of Beogh.
  5809 | D:7      | Found a staircase to the Ecumenical Temple.
  5854 | D:7      | Reached skill level 7 in Axes
  5854 | D:7      | Gained mutation: Your movements are less encumbered by
                  | armour. (ER -4) [demonic ancestry]
  5854 | D:7      | Reached XP level 9. HP: 68/68 MP: 9/9
  5905 | D:7      | Reached *** piety under Okawaru
  6085 | D:7      | Found Fyowoa's Book Shop.
  6528 | D:8      | Reached skill level 5 in Armour
  6533 | D:8      | Reached skill level 1 in Stealth
  6570 | D:8      | Noticed a manticore
  6588 | D:8      | Killed a manticore
  6588 | D:8      | Reached skill level 8 in Axes
  6865 | D:8      | Noticed Psyche
  6874 | D:8      | Killed Psyche
  6959 | D:8      | Noticed a troll
  6963 | D:8      | Killed a troll
  7204 | D:8      | Found a runed gate.
  7205 | D:8      | Found a runed gate.
  7205 | D:8      | Noticed a red ugly thing
  7205 | D:8      | Noticed a cyan ugly thing
  7206 | D:8      | Found a runed gate.
  7206 | D:8      | Noticed a white ugly thing
  7206 | D:8      | Noticed a white ugly thing
  7207 | D:8      | Noticed a green ugly thing
  7478 | D:5      | Killed Mgcat's ghost
  7478 | D:5      | Reached skill level 1 in Invocations
  7478 | D:5      | Reached XP level 10. HP: 24/77 MP: 3/10
  7746 | D:5      | Reached **** piety under Okawaru
  7750 | D:5      | Got a slimy chain mail
  7761 | D:5      | Identified the +5 chain mail of Zezan {rElec rCorr Stlth+}
                  | (You took it off an orc warrior on level 5 of the Dungeon)
  7999 | D:6      | Got a shimmering helmet
  8010 | D:6      | Identified the -1 helmet of Jujiful {Str+6} (You found it
                  | on level 6 of the Dungeon)
  8098 | D:9      | Reached skill level 9 in Axes
  8539 | D:9      | Found Lukim's Antique Weapon Boutique.
  8604 | D:9      | Noticed a two-headed ogre
  8622 | D:9      | Killed a two-headed ogre
  8622 | D:9      | Reached ***** piety under Okawaru
  8775 | D:9      | Found a shadowy altar of Dithmenos.
  8783 | D:9      | Reached skill level 10 in Axes
  8958 | D:9      | Found a staircase to the Orcish Mines.
  8987 | D:9      | Gained mutation: You have sharp toenails. [demonic
                  | ancestry]
  8987 | D:9      | Reached XP level 11. HP: 74/84 MP: 7/12
  9453 | D:9      | Bought a glowing broad axe for 182 gold pieces
  9496 | D:10     | Entered Level 10 of the Dungeon
  9496 | D:10     | Found Siashe's Armour Shoppe.
  9523 | D:10     | Noticed a two-headed ogre
  9540 | D:10     | Killed a two-headed ogre
  9540 | D:10     | Received a gift from Okawaru
  9733 | D:10     | Noticed Sonja
 10012 | D:10     | Found a transporter.
 10059 | D:10     | Found a transporter.
 10068 | D:10     | Noticed derval's ghost (novice DsNe)
 10089 | D:10     | Killed an unseen horror
 10376 | D:10     | Cast into level 2 of the Abyss (Sonja)
 10443 | Abyss:2  | Noticed a large abomination
 10461 | Abyss:2  | Killed a large abomination
 10461 | Abyss:2  | Received a gift from Okawaru
 10461 | Abyss:2  | Reached skill level 11 in Axes
 10464 | Abyss:2  | Got a smoking hand axe {god gift}
 10465 | Abyss:2  | Identified the +1 hand axe of the Viper {chop, -Tele Str+7
                  | Stlth+} (Okawaru gifted it to you on level 2 of the Abyss)
 10558 | Abyss:2  | Noticed a tentacled starspawn
 10569 | Abyss:2  | Killed from afar by a ynoxinul

Vault maps used:
D:1:      roderic_crop_circles_arrival_small, nrook_loot_triangle
D:2:      lemuel_doored_altar, marbit_many_paths
D:3:      kennysheep_okawaru_gauntlet, uniq_jessica
D:5:      minitemple, first_ration
D:6:      biasface_ghost_orc_armoury, uniq_pikel
D:7:      temple_green, serial_shops, shop
D:8:      ploomutoo_gammafunk_ghost_potion_laboratory, uniq_psyche
D:9:      overflow_temple_1_default, kennysheep_orc_monster_closet_entryway,
          special_room, serial_shops, shop
D:10:     gammafunk_ghost_mausoleum, serial_shops, nicolae_shop_stone,
          uniq_sonja

Skill      XL: |  1  2  3  4  5  6  7  8  9 10 11 |
---------------+----------------------------------+-----
Armour         | 3 4 5 6 7 |  7.1
Axes           | 2 3 4 5 7 8 10 11 | 11.1
Shields        | 3 4 5 6 7 8 |  8.0
Dodging        | 1 2 3 |  3.7
Fighting       | 4 5 6 7 8 |  8.0
Stealth        | 1 |  1.1
Invocations    | 1 2 |  2.0

Action                   |  1- 3 |  4- 6 |  7- 9 | 10-12 || total
-------------------------+-------+-------+-------+-------++-------
Melee: War axe           |   135 |   109 |   254 |   244 ||   742
       Hand axe          |       |       |       |   139 ||   139
Invok: Heroism           |       |       |     5 |     2 ||     7
  Use: Potion            |       |     1 |       |     2 ||     3
       Scroll            |       |       |     7 |       ||     7
  Eat: Chunk             |     1 |     7 |    13 |    12 ||    33
       Ration            |       |       |     1 |       ||     1
Armor: Scale mail        |    50 |    53 |    24 |       ||   127
       Skin              |       |     2 |       |       ||     2
       Chain mail        |       |       |    88 |   157 ||   245
Dodge: Dodged            |    43 |    50 |    73 |   141 ||   307
Block: Shield            |    64 |    57 |   152 |   242 ||   515

Table legend:
 A = Non-vault XP
 B = Vault XP
 C = Vault XP percentage of total XP
 D = Non-vault monster count
 E = Vault monster count
 F = Vault count percentage of total count
                 A         B        C        D         E       F
            +---------+---------+-------+---------+---------+-------
      Total |   12192 |    4224 |  25.7 |     215 |      40 |  15.7
            +---------+---------+-------+---------+---------+-------
        D:1 |      27 |       0 |   0.0 |      16 |       0 |   0.0
        D:2 |     165 |       3 |   1.8 |      34 |       1 |   2.9
        D:3 |      34 |      37 |  52.1 |      13 |       1 |   7.1
        D:4 |     328 |       0 |   0.0 |      23 |       0 |   0.0
        D:5 |     510 |     593 |  53.8 |       9 |       2 |  18.2
        D:6 |     828 |     848 |  50.6 |      18 |       8 |  30.8
        D:7 |     908 |       0 |   0.0 |      26 |       0 |   0.0
        D:8 |    1507 |     439 |  22.6 |      16 |       1 |   5.9
        D:9 |    3554 |    2304 |  39.3 |      26 |      27 |  50.9
       D:10 |    3023 |       0 |   0.0 |      30 |       0 |   0.0
    Abyss:2 |    1308 |       0 |   0.0 |       4 |       0 |   0.0
            +---------+---------+-------+---------+---------+-------
